 Dungeon Crawl Stone Soup version 0.28.0-43-g3370ac3207 (webtiles) character file.

Game seed: 14003853392286547174

15747 protoss039 the Covert (level 12, -3/59 HPs)
             Began as a Spriggan Enchanter on Mar 16, 2022.
             Was a Priest of Dithmenos.
             Slain by a frost giant
             ... wielding a +1 battleaxe of freezing
              (29 damage)
             ... on level 11 of the Dungeon.
             The game lasted 00:41:53 (12936 turns).

protoss039 the Covert (Spriggan Enchanter)         Turns: 12936, Time: 00:41:54

Health: -3/59      AC:  4    Str:  4    XL:     12   Next: 4%
Magic:  25/27      EV: 24    Int: 21    God:    Dithmenos [***...]
Gold:   509        SH:  0    Dex: 30    Spells: 21/31 levels left

rFire   + . .      SeeInvis +   r - +7 dagger "Istro" {freeze, rF+ Stlth+}
rCold   + + .      Faith    .   (no shield)
rNeg    + + .      Spirit   .   N - +2 robe {rN+}
rPois   .          Reflect  .   (helmet restricted)
rElec   .          Harm     .   L - scarf {shadows}
rCorr   .          Rampage  .   (gloves unavailable)
Will    ++...                   (boots unavailable)
Stlth   ++++++++++              (no amulet)
HPRegen 0.19/turn               H - ring of Hogeorur {Drain rC++ rN+ Int+4 Dex+4}
MPRegen 0.20/turn               B - +6 ring of dexterity

@: wreathed by umbra, very quick
A: very small, no large weapons, unfitting armour, see invisible, speed 3
a: Renounce Religion, Shadow Step


You were on level 11 of the Dungeon.
You worshipped Dithmenos.
Dithmenos was most pleased with you.
You visited 2 branches of the dungeon, and saw 12 of its levels.

You collected 509 gold pieces.

Inventory:

Hand Weapons
 r - the +7 dagger "Istro" (weapon) {freeze, rF+ Stlth+}
   (You found it on level 3 of the Dungeon)

   It freezes those it strikes, dealing additional cold damage.
   It can also slow down cold-blooded creatures.
   rF:        It protects you from fire.
   Stlth:     It makes you more stealthy.
 M - a +2 scimitar of flaming
 P - the +8 hand axe "Beastbane" {elec, Fragile rC++ rCorr SInv}
   (You found it on level 10 of the Dungeon)

   It occasionally discharges a powerful burst of electricity upon striking a
   foe.
   rC:        It greatly protects you from cold.
   SInv:      It lets you see invisible.
   rCorr:     It protects you from acid and corrosion.
   Fragile:   It will be destroyed if unequipped.
Missiles
 Q - a throwing net (quivered)
Armour
 L - a scarf of shadows (worn)
 N - a +2 robe of positive energy (worn)
Magical Staves
 b - a staff of cold
 y - a staff of air
Jewellery
 f - a ring of protection from fire
 B - a +6 ring of dexterity (right hand)
 D - a +4 ring of slaying
 H - the ring of Hogeorur (left hand) {Drain rC++ rN+ Int+4 Dex+4}
   (You took it off a deep elf pyromancer on level 8 of the Dungeon)

   [ring of positive energy]

   Int:       It affects your intelligence (+4).
   Dex:       It affects your dexterity (+4).
   rC:        It greatly protects you from cold.
   rN:        It protects you from negative energy.
   Drain:     It drains your maximum health when unequipped.
 I - the ring of Etsagoprao {rPois MP+9 Str+2 Dex+3}
   (You took it off a centaur warrior on level 8 of the Dungeon)

   [ring of magical power]

   Str:       It affects your strength (+2).
   Dex:       It affects your dexterity (+3).
   rPois:     It protects you from poison.
   MP:        It affects your magic capacity (+9).
Wands
 p - a wand of digging (11)
 s - a wand of paralysis (10)
 u - a wand of polymorph (2)
 x - a wand of mindburst (6)
 A - a wand of flame (9)
 J - a wand of iceblast (7)
 R - a wand of acid (3)
Scrolls
 a - 2 scrolls of amnesia {unknown}
 d - a scroll of torment {unknown}
 e - 2 scrolls of fog {unknown}
 g - a scroll of blinking {unknown}
 h - a scroll of magic mapping {unknown}
 i - 2 scrolls of enchant armour
 n - a scroll of identify
 o - 3 scrolls of enchant weapon {unknown}
 q - 3 scrolls of teleportation
 v - a scroll of vulnerability {unknown}
 C - 2 scrolls of immolation {unknown}
 G - a scroll of silence {unknown}
 O - a scroll of fear {unknown}
Potions
 c - a potion of invisibility
 j - 2 potions of haste
 k - 2 potions of might {unknown}
 l - a potion of lignification {unknown}
 m - a potion of resistance {unknown}
 t - a potion of heal wounds {unknown}
 w - a potion of berserk rage {unknown}
 z - 2 potions of ambrosia {unknown}
 E - 2 potions of curing
 F - a potion of cancellation {unknown}
 K - a potion of brilliance {unknown}


   Skills:
 * Level 4.8 Fighting
 + Level 6.6 Short Blades
 - Level 6.0 Dodging
 - Level 12.0 Stealth
 + Level 10.3 Spellcasting
 - Level 9.0 Hexes
 - Level 3.0 Transmutations
 - Level 6.0 Ice Magic
 - Level 3.0 Earth Magic
 * Level 8.1 Invocations


You had 21 spell levels left.
You knew the following spells:

 Your Spells              Type           Power      Damage    Failure   Level
a - Ensorcelled Hibernat  Hex/Ice        84%        N/A       1%          2
b - Confusing Touch       Hex            48%        N/A       1%          3
c - Tukima's Dance        Hex            48%        N/A       1%          3
d - Passwall              Tmut/Erth      19%        N/A       2%          2

Your spell library contained the following spells:

 Spells                   Type           Power      Damage    Failure   Level
 Ozocubu's Armour         Ice            36%        N/A       1%          3
 Dazzling Flash           Conj/Hex       58%        N/A       3%          3
 Portal Projectile        Hex/Tloc       58%        N/A       3%          3
 Summon Guardian Golem    Hex/Summ       29%        N/A       3%          3
 Leda's Liquefaction      Hex/Erth       18%        N/A       5%          4
 Summon Small Mammal      Summ           40%        N/A       6%          1
 Ice Form                 Ice/Tmut       29%        N/A       10%         4
 Yara's Violent Unravell  Hex/Tmut       18%        3d9       16%         5
 Call Canine Familiar     Summ           10%        N/A       19%         3
 Mephitic Cloud           Conj/Pois/Air  10%        N/A       19%         3
 Passage of Golubria      Tloc           10%        N/A       54%         4
 Alistair's Intoxication  Tmut/Pois      11%        N/A       67%         5
 Ozocubu's Refrigeration  Ice            18%        4d8       99%         7


Dungeon Overview and Level Annotations

Branches:
Dungeon (11/15)            Temple (1/1) D:5            Lair (0/6) D:11
    Orc: D:9-12

Altars:
Ashenzari
Cheibriados
Dithmenos
Elyvilon
Fedhas
Gozag
Hepliaklqana
Kikubaaqudgha
Makhleb
Nemelex Xobeh
Okawaru
Qazlal
Ru
Sif Muna
Trog
Uskayaw
Vehumet
Wu Jian
Xom
Yredelemnul
Zin
The Shining One
Beogh

Shops:
D:7 (   D:11 =[


Innate Abilities, Weirdness & Mutations

You are very small and have problems with some larger weapons.
You are too small for most types of armour.
You have supernaturally acute eyesight. (SInv)
You cover ground extremely quickly. (Speed+++)


Message History

A warg is nearby!
A warg is nearby!
A warg is nearby!
The warg howls!
The warg misses you.
You hit the warg but do no damage.
Casting: Confusing Touch (safe; 1% risk of failure)
Confirm with . or Enter, or press ? or * to list all spells.
Aiming: Ensorcelled Hibernation (safe; 1% risk of failure)
Press: ? - help, Shift-Dir - straight line, f - warg
Aim: a warg (umbra, chance to affect: 50%)
The warg looks drowsy...
The helpless warg fails to defend itself.
You spit the warg like a pig!!!! You freeze the warg!
You kill the warg!
Dithmenos accepts your kill.
You see here a warg corpse.
You see here a +0 hand axe.
Okay, then.
Found a stone staircase leading down.
A frost giant comes into view.
It is wielding a +1 battleaxe of freezing.
A frost giant is nearby!
Unknown command.
Casting: Ensorcelled Hibernation (safe; 1% risk of failure)
Confirm with . or Enter, or press ? or * to list all spells.
Your hands begin to glow red.
The frost giant shouts!
The frost giant hits you with a +1 battleaxe of freezing!!
You emit a cloud of dark smoke.
The frost giant freezes you.
You hit the frost giant but do no damage.
The frost giant appears confused.
You completely miss the frost giant.
Unknown command.
Unknown command.
You strike the helpless frost giant from behind!
You skewer the frost giant like a kebab!!!
You freeze the frost giant.
The frost giant is heavily wounded.
The frost giant hits you with a +1 battleaxe of freezing!!
You die...

############
#..........#
#.########.#
########§# #)#
...§C@§§§# #.#
#################†#
### #.[.....##.#
♣♣.♣♣#...#.#.##.#
#♣.♣.♣#.....#....# ♣♣
#..♣[.#.#...###### ♣..
#.♣♣♣)#.#.#....# ♣♣.♣
#..♣..#.#.#.##.#
#♣..T♣#♣†♣.♣#.#...##.#


You could see a frost giant (confused).

Vanquished Creatures
  Harold (D:11)
  A boulder beetle (D:8)
  2 hydras (D:8)
  Erica (D:8)
  A centaur warrior (D:8)
  3 two-headed ogres
  An ugly thing (D:8)
  2 deep elf pyromancers
  A moth of wrath (shapeshifter) (D:8)
  A cyclops (D:11)
  A kobold demonologist (D:9)
  4 trolls
  A hornet (D:8)
  A vampire (D:11)
  13 yaks
  2 wraiths
  2 wyverns (D:8)
  2 steam dragons
  A vampire mosquito (D:11)
  Menkaure (D:6)
  A warg (D:11)
  2 acid dragons
  A water moccasin (D:8)
  6 orc warriors
  An ice beast (D:7)
  A black bear (D:8)
  3 ogres
  3 sky beasts
  A necrophage (D:6)
  4 centaurs
  3 bullfrogs
  A gnoll sergeant (D:8)
  A scorpion (D:5)
  A hornet simulacrum (D:5)
  A water moccasin skeleton (D:4)
  A killer bee (D:11)
  3 electric eels
  9 wights
  2 howler monkeys
  4 centaur zombies
  3 jellies
  A centaur skeleton (D:5)
  An orc priest (D:8)
  4 iguanas
  A bullfrog skeleton (D:6)
  A gnoll shaman (D:5)
  Natasha (thrice) (D:2)
  4 orc wizards
  2 bullfrog simulacra (D:5)
  A hound skeleton (D:4)
  3 gnolls
  A howler monkey skeleton (D:6)
  8 adders
  2 shadow imps (D:7)
  3 white imps
  A howler monkey simulacrum (D:5)
  2 adder skeletons (D:4)
  A worm (D:2)
  The ghost of jazmu the Sneak, a weakling GrDe (D:5)
  A dart slug (D:5)
  25 orcs
  4 ball pythons
  6 bats
  9 endoplasms
  2 giant cockroaches
  4 goblins
  9 hobgoblins
  2 kobolds
  2 quokkas
  2 frilled lizards (D:1)
  3 rats
203 creatures vanquished.

Vanquished Creatures (others)
  6 plants (D:11)
6 creatures vanquished.

Grand Total: 209 creatures vanquished

Notes
Turn   | Place    | Note
-------+----------+-------------------------------------------
     0 | D:1      | protoss039 the Spriggan Enchanter began the quest for the
                  | Orb.
     0 | D:1      | Reached XP level 1. HP: 9/9 MP: 5/5
   106 | D:1      | Reached skill level 5 in Stealth
   148 | D:1      | Reached XP level 2. HP: 13/13 MP: 6/6
   152 | D:1      | Learned a level 2 spell: Ensorcelled Hibernation
   562 | D:1      | Found a faded altar of an unknown god.
   889 | D:2      | Reached skill level 6 in Stealth
   889 | D:2      | Reached XP level 3. HP: 16/16 MP: 5/8
  1176 | D:2      | Noticed Natasha
  1271 | D:1      | Learned a level 3 spell: Confusing Touch
  1327 | D:2      | Killed Natasha
  1362 | D:2      | Reached XP level 4. HP: 21/21 MP: 9/9
  1477 | D:2      | Noticed Natasha
  1480 | D:2      | Killed Natasha
  1481 | D:2      | Reached skill level 7 in Stealth
  1554 | D:2      | Noticed Natasha
  1563 | D:2      | Killed Natasha
  1564 | D:2      | Reached skill level 1 in Ice Magic
  2400 | D:3      | Identified the +7 dagger "Istro" {freeze, rF+ Stlth+}
  2480 | D:3      | Reached XP level 5. HP: 18/24 MP: 7/10
  3429 | D:4      | Reached skill level 8 in Stealth
  3724 | D:4      | Reached XP level 6. HP: 29/29 MP: 12/12
  4268 | D:5      | Entered Level 5 of the Dungeon
  4372 | D:5      | Found a staircase to the Ecumenical Temple.
  4378 | Temple   | Entered the Ecumenical Temple
  4381 | Temple   | Became a worshipper of Dithmenos the Shadowed
  4525 | D:5      | Found a runed translucent gate.
  4526 | D:5      | Found a runed translucent gate.
  4527 | D:5      | Found a runed translucent gate.
  4712 | D:5      | Reached skill level 1 in Fighting
  4978 | D:5      | Found a blossoming altar of Fedhas.
  5026 | D:5      | Noticed jazmu's ghost (weakling GrDe)
  5110 | D:5      | Reached skill level 9 in Stealth
  5195 | D:5      | Reached skill level 1 in Invocations
  5195 | D:5      | Reached XP level 7. HP: 33/33 MP: 8/13
  5270 | D:5      | Killed jazmu's ghost
  5408 | D:5      | Learned a level 3 spell: Tukima's Dance
  5572 | D:6      | Reached skill level 5 in Hexes
  5617 | D:6      | Noticed Menkaure
  6262 | D:6      | Reached * piety under Dithmenos
  6636 | D:6      | Reached XP level 8. HP: 24/39 MP: 11/16
  6791 | D:6      | Reached skill level 5 in Spellcasting
  6970 | D:6      | Killed Menkaure
  7182 | D:7      | Found Kelaseq's Antique Weapon Shop.
  7550 | D:7      | Reached skill level 10 in Stealth
  7781 | D:7      | Reached XP level 9. HP: 35/44 MP: 10/19
  7993 | D:7      | Identified the +8 plate armour of the Jabberwock {rF+ Str+4
                  | Int+3}
  8380 | D:8      | Noticed a five-headed hydra
  8383 | D:8      | Reached skill level 11 in Stealth
  8421 | D:8      | Noticed a white ugly thing
  8421 | D:8      | Noticed a boulder beetle
  8437 | D:8      | Killed a boulder beetle
  8698 | D:8      | Reached ** piety under Dithmenos
  8703 | D:8      | Reached skill level 12 in Stealth
  8709 | D:8      | Reached skill level 5 in Dodging
  8847 | D:8      | Noticed a seven-headed hydra
  8865 | D:8      | Reached skill level 5 in Invocations
  8879 | D:8      | Killed a seven-headed hydra
  8880 | D:8      | Reached XP level 10. HP: 29/49 MP: 12/22
  9027 | D:8      | Noticed a moth of wrath
  9034 | D:8      | Killed a moth of wrath
  9045 | D:8      | Noticed a two-headed ogre
  9058 | D:8      | Killed a two-headed ogre
  9062 | D:8      | Identified the ring of Hogeorur {Drain rC++ rN+ Int+4
                  | Dex+4}
  9062 | D:8      | Noticed a deep elf pyromancer
  9155 | D:8      | Killed a five-headed hydra
  9405 | D:8      | Found a glowing golden altar of the Shining One.
  9406 | D:8      | Got the Handbook of Shifting Envenoming
  9425 | D:8      | Reached skill level 5 in Short Blades
  9493 | D:8      | Killed a deep elf pyromancer
  9494 | D:8      | Reached skill level 5 in Ice Magic
  9644 | D:8      | Identified the ring of Etsagoprao {rPois MP+9 Str+2 Dex+3}
  9644 | D:8      | Noticed a centaur warrior
  9654 | D:8      | Killed a centaur warrior
  9718 | D:8      | Reached XP level 11. HP: 43/52 MP: 22/25
 10201 | D:8      | Killed a white ugly thing
 10536 | D:8      | Noticed Erica
 10539 | D:8      | Killed Erica
 10579 | D:8      | Found an ancient bone altar of Kikubaaqudgha.
 10581 | D:8      | Found a stormy altar of Qazlal.
 10581 | D:8      | Found an opulent altar of Gozag.
 10722 | D:9      | Learned a level 2 spell: Passwall
 10845 | D:9      | Noticed a two-headed ogre
 11142 | D:9      | Reached skill level 1 in Transmutations
 11219 | D:9      | Reached *** piety under Dithmenos
 11233 | D:9      | Reached skill level 1 in Earth Magic
 11399 | D:9      | Killed a two-headed ogre
 11621 | D:10     | Entered Level 10 of the Dungeon
 12093 | D:10     | Identified the +8 hand axe "Beastbane" {elec, Fragile rC++
                  | rCorr SInv}
 12153 | D:11     | Found a staircase to the Lair.
 12181 | D:11     | Found Ebiafuor's Jewellery Emporium.
 12277 | D:11     | Found Vukuros's Armour Boutique.
 12278 | D:11     | Noticed Harold
 12292 | D:11     | Noticed a two-headed ogre
 12521 | D:11     | Killed Harold
 12650 | D:11     | Killed a two-headed ogre
 12651 | D:11     | Reached skill level 10 in Spellcasting
 12717 | D:11     | Noticed a deep elf pyromancer
 12720 | D:11     | Killed a deep elf pyromancer
 12721 | D:11     | Reached XP level 12. HP: 30/58 MP: 24/27
 12927 | D:11     | Noticed a frost giant
 12936 | D:11     | Slain by a frost giant

Illustrated notes

Levels and vault maps discovered:
D:1:      tarquinn_simple_flora_water_d, layout_basic,
          chequers_ecumenical_altar_lobes
D:2:      layout_loops_ring, uniq_natasha
D:3:      layout_basic
D:4:      layout_loops_corners
D:5:      layout_cave_pools, mainiacjoe_overflow_alcove_2,
          minmay_temple_entry_hall, gammafunk_ghost_icy
D:6:      layout_cave_pools, uniq_menkaure
D:7:      layout_basic, nicolae_inconvenience_store
D:8:      minmay_the_grid_octo_tiled_squarecenter [minmay_the_grid_octo_shrine,
          minmay_the_grid_octo_horde, minmay_the_grid_octo_focus,
          minmay_the_grid_octo_clover_2,
          minmay_the_grid_square_5x5_megaprize_open,
          minmay_the_grid_square_5x5_spiral, minmay_the_grid_square_5x5_tie,
          minmay_the_grid_square_5x5_eight,
          minmay_the_grid_square_5x5_tetrominoes], layout_cave_pools,
          nicolae_wand_duel, kennysheep_island_fort, uniq_erica
D:9:      layout_cross, serial_column_ruins, column_ruins_columns_straight,
          column_ruins_corridor_T, column_ruins_columns_corner,
          column_ruins_open_small
D:10:     layout_rooms, ebering_dispersal_statue_hall
D:11:     nzn_winding_woodlands_three_and_one [nzn_winding_woodlands_5x15_twine,
          nzn_winding_woodlands_5x15_pool, nzn_winding_woodlands_5x15_garden,
          nzn_winding_woodlands_center_diamonds], layout_basic,
          erik_lair_orcish_takeover, serial_shops, nicolae_shop_trees, shop,
          shop_fountains, nicolae_diamond_shop, special_room [special_room_orc],
          nicolae_vehumet_radiance, uniq_harold
Temple:   dpeg_three_leaves_temple

Skill      XL: |  1  2  3  4  5  6  7  8  9 10 11 |
---------------+----------------------------------+-----
Stealth        | 5 6 7 8 9 10 12 | 12.0
Dodging        | 3 4 5 6 |  6.0
Spellcasting   | 3 4 6 7 9 10 | 10.3
Hexes          | 4 5 6 7 8 9 |  9.0
Ice Magic      | 1 2 3 5 6 |  6.0
Short Blades   | 2 3 4 5 6 |  6.6
Fighting       | 1 2 3 4 |  4.8
Invocations    | 1 2 3 5 6 8 |  8.1
Transmutations | 3 |  3.0
Earth Magic    | 3 |  3.0

Action                   |  1- 3 |  4- 6 |  7- 9 | 10-12 || total
-------------------------+-------+-------+-------+-------++-------
Melee: Dagger            |    45 |   104 |   181 |   149 ||   479
       Punch             |     1 |       |     5 |     2 ||     8
 Cast: Ensorcelled Hiber |    11 |    39 |    35 |    59 ||   144
       Confusing Touch   |       |     6 |    23 |    17 ||    46
  Use: Scroll            |       |     3 |       |     6 ||     9
       Potion            |       |     1 |       |     1 ||     2
 Stab: Sleeping          |    18 |    29 |    29 |    49 ||   125
       Distracted        |     1 |     1 |     1 |     3 ||     6
       Confused          |       |     2 |    13 |    17 ||    32
Armor: Robe              |     2 |     3 |    10 |     7 ||    22
Dodge: Dodged            |    31 |    61 |   122 |    91 ||   305
